 Dungeon Crawl Stone Soup version 0.31.0-32-g396128a36d (webtiles) character file.

Game seed: 7244729336073349623

8808 unlimited1921 the Thaumaturge (level 11, -15/83 HPs)
             Began as a Gnoll Fire Elementalist on Apr 15, 2024.
             Was an Initiate of Yredelemnul.
             Demolished by a skeletal warrior
             ... wielding a +2 halberd of protection
              (28 damage)
             ... on level 8 of the Dungeon.
             The game lasted 00:51:45 (22914 turns).

unlimited1921 the Thaumaturge (GnFE)               Turns: 22914, Time: 00:51:46

Health: -15/83     AC: 11    Str:  7    XL:     11   Next: 36%
Magic:  1/23       EV: 15    Int: 19    God:    Yredelemnul [......]
Gold:   422        SH:  5    Dex: 19    Spells: 6/26 levels left

rFire   . . .        K - +2 hand axe (heavy)
rCold   . . .        (no shield)
rNeg    . . .        H - +0 acid dragon scales
rPois   .            p - +0 helmet
rElec   .            D - +0 cloak
rCorr   +            E - +0 pair of gloves
SInv    +            (no boots)
Will    .....        x - amulet of reflection
Stlth   ++++         i - +6 ring of dexterity
HPRegen 0.33/turn    a - ring of see invisible
MPRegen 0.18/turn

%: reflection
@: swift, very quick
A: fangs 1, strong nose, distributed training
a: Renounce Religion, Recall Undead Harvest


You were on level 8 of the Dungeon.
You worshipped Yredelemnul.
Yredelemnul was noncommittal.
You visited 1 branch of the dungeon, and saw 8 of its levels.

You collected 528 gold pieces.
You spent 106 gold pieces at shops.

Inventory:

Hand Weapons
 c - a +0 spear
 k - a +5 long sword
 n - a +0 short sword of venom
 A - a +2 hand axe of freezing
 K - a +2 heavy hand axe (weapon)
 M - a +2 flail of draining
 O - a +0 orcbow
 Q - a +4 short sword of freezing
Missiles
 F - 7 poisoned darts
 G - 6 boomerangs
Armour
 e - a +0 leather armour
 p - a +0 helmet (worn)
 t - a +3 ring mail
 u - a +0 helmet
 D - a +0 cloak (worn)
 E - a +0 pair of gloves (worn)
 H - +0 acid dragon scales (worn)
 P - a +2 robe of cold resistance
Magical Staves
 X - a staff of earth
 Y - a staff of death
Jewellery
 a - a ring of see invisible (right hand)
 i - a +6 ring of dexterity (left hand)
 x - an amulet of reflection (around neck)
 z - an amulet of reflection
Wands
 J - a wand of roots (3)
Scrolls
 d - 4 scrolls of amnesia
 f - 3 scrolls of revelation {unknown}
 h - a scroll of enchant armour
 j - a scroll of summoning {unknown}
 o - 7 scrolls of teleportation {unknown}
 r - 4 scrolls of immolation {unknown}
 y - a scroll of enchant weapon
 B - a scroll of fear
 L - 2 scrolls of acquirement {unknown}
 N - a scroll of vulnerability {unknown}
 S - a scroll of poison {unknown}
 T - a scroll of noise {unknown}
Potions
 b - a potion of magic
 g - 2 potions of mutation
 l - 5 potions of curing {unknown}
 m - 2 potions of attraction {unknown}
 q - a potion of cancellation
 s - a potion of lignification {unknown}
 v - a potion of resistance
 w - 2 potions of enlightenment {unknown}
 C - a potion of haste {unknown}
 I - a potion of ambrosia {unknown}
 R - a potion of berserk rage {unknown}
Miscellaneous
 U - a phial of floods
 V - a phantom mirror
 W - a lightning rod (4/4)


   Skills:
 + Level 6.4 Fighting
 + Level 6.4 Short Blades
 + Level 6.4 Long Blades
 + Level 6.4 Axes
 + Level 6.4 Maces & Flails
 + Level 6.4 Polearms
 + Level 6.4 Staves
 + Level 6.4 Ranged Weapons
 + Level 6.4 Throwing
 + Level 6.4 Armour
 + Level 8.0 Dodging
 + Level 7.8 Stealth
 + Level 6.4 Shields
 + Level 6.4 Unarmed Combat
 + Level 8.2 Spellcasting
 + Level 5.8 Conjurations
 + Level 5.3 Hexes
 + Level 5.3 Summonings
 + Level 5.3 Necromancy
 + Level 5.3 Translocations
 + Level 7.7 Fire Magic
 + Level 5.3 Ice Magic
 + Level 5.3 Air Magic
 + Level 5.3 Earth Magic
 + Level 5.3 Alchemy
 + Level 7.1 Invocations
 + Level 6.4 Evocations
 + Level 5.9 Shapeshifting


You had 6 spell levels left.
You knew the following spells:

 Your Spells              Type           Power      Damage    Failure   Level
a - Foxfire               Conj/Fire      100%       2x1d9     1%          1
b - Scorch                Fire           74%        2d8       1%          2
c - Call Canine Familiar  Summ           28%        N/A       4%          3
d - Inner Flame           Hex/Fire       32%        N/A       3%          3
e - Summon Blazeheart Go  Fire/Summ      32%        N/A       11%         4
f - Anguish               Hex/Necr       14%        N/A       17%         4
g - Swiftness             Air            28%        N/A       4%          3

Your spell library contained the following spells:

 Spells                   Type           Power      Damage    Failure   Level
 Shock                    Conj/Air       100%       1d9       1%          1
 Summon Small Mammal      Summ           100%       N/A       1%          1
 Ensorcelled Hibernation  Hex/Ice        56%        N/A       2%          2
 Volatile Blastmotes      Fire/Tloc      64%        2d15      3%          3
 Fugue of the Fallen      Necr           28%        N/A       4%          3
 Flame Wave               Conj/Fire      33%        2d10      10%         4
 Airstrike                Air            14%        2d(2-18)  17%         4
 Spellforged Servitor     Conj/Summ      14%        N/A       100%        7
 Summon Hydra             Summ           14%        N/A       100%        7


Dungeon Overview and Level Annotations

Branches:
Dungeon (8/15)             Temple (0/1) D:7
   Lair: D:8-11

Altars:
Kikubaaqudgha
Makhleb
Nemelex Xobeh
Qazlal
Ru
Sif Muna
Yredelemnul
Zin

Shops:
D:2 *


Innate Abilities, Weirdness & Mutations

You have very sharp teeth.
Your uncanny sense of smell can sniff out nearby items.
Your experience applies equally to all skills.


Message History

Your blazeheart golem falls apart and the last of its fire goes out.
Casting: Scorch (safe; 1% risk of failure)
Confirm with . or Enter, or press ? or * to list all spells.
A fiery spirit appears, bound in slag iron.
You swap places.
The skeletal warrior attacks as it pursues you!
The skeletal warrior barely misses you.
Your blazeheart golem punches the skeletal warrior but does no damage.
Casting: Summon Blazeheart Golem (dangerous; 11% risk of failure)
Confirm with . or Enter, or press ? or * to list all spells.
You don't have enough magic to cast this spell.
Casting: Summon Blazeheart Golem (dangerous; 11% risk of failure)
Confirm with . or Enter, or press ? or * to list all spells.
Okay, then.
The skeletal warrior hits you from afar with a +2 halberd of protection.
The skeletal warrior closely misses you.
Your blazeheart golem punches the skeletal warrior!
The skeletal warrior hits you from afar with a +2 halberd of protection!
The skeletal warrior hits you from afar with a +2 halberd of protection!!
* * * LOW HITPOINT WARNING * * *
Your blazeheart golem barely misses the skeletal warrior.
Your blazeheart golem's core grows cold and it stops moving.
The skeletal warrior attacks as it pursues you!
The skeletal warrior completely misses you.
Things that are here:
a +0 robe; a +0 dagger
Things that are here:
a +1 heavy flail; a +0 chain mail The skeletal warrior attacks as it pursues you!
The skeletal warrior hits you from afar with a +2 halberd of protection!
* * * LOW HITPOINT WARNING * * *
The skeletal warrior attacks as it pursues you!
The skeletal warrior barely misses you.
Casting: Summon Blazeheart Golem (dangerous; 11% risk of failure)
Confirm with . or Enter, or press ? or * to list all spells.
You feel quick.
The skeletal warrior attacks as it pursues you!
The skeletal warrior hits you from afar with a +2 halberd of protection!!
You die...
Your body rises from the dead as a mindless zombie.

###.#..#.........).#####.#.##
#####...#..#...........[...#.....
......####.#..........)#.###.#.##
#####...#..#...........#.z...#.z#
#...#..##.........#########..
##......##.......###..#..###.
#[...#..##...z.###..#.#..###
##.....#..###.####..##.##..##
#####.......#.#.@...#..##...##..#
..............#.##..#.##..)..##.#
..............#..##.##....#....##
..............#.##..#.##.....##.#
..............#...).#..##...##..#
.....#.....#..###.####..##.##..##
.......<.....#####..###..#.#..###
...#........##.......###..#..###.
########.#.##.############.####..


You could see a skeletal warrior.

Vanquished Creatures
  2 two-headed ogres (D:8)
  Pikel (D:8)
  2 cyclopes (D:8)
  Maggie (D:7)
  A spectral two-headed ogre (D:8)
  Psyche (D:8)
  2 trolls (D:8)
  A slime creature (D:8)
  The ghost of tdog the Covert, an amateur SpBr (D:4)
  7 yaks (D:8)
  A wraith (D:8)
  A wyvern (D:8)
  A steam dragon (D:8)
  A vampire mosquito (D:8)
  3 water moccasins
  2 orc warriors
  4 sky beasts
  2 black bears
  An ice beast (D:8)
  3 centaurs (D:8)
  2 phantoms (D:5)
  6 bullfrogs
  A kobold brigand (D:8)
  A gnoll sergeant (D:8)
  A scorpion (D:6)
  4 wights (D:8)
  A howler monkey (D:6)
  A bullfrog zombie (D:7)
  A bombardier beetle (D:5)
  4 jellies
  2 gnoll boudas
  2 hounds (D:5)
  3 sleepcaps
  5 iguanas
  7 orc wizards
  A hound zombie (D:4)
  Robin (D:3)
  8 gnolls
  14 adders
  2 white imps
  An adder zombie (D:4)
  A jelly zombie (D:8)
  2 spectral gnolls (D:7)
  2 dart slugs
  24 orcs
  5 bats
  9 endoplasms
  6 giant cockroaches
  A gnoll zombie (D:7)
  11 goblins
  12 hobgoblins
  10 jackals
  A quokka (D:4)
  6 ball pythons
  3 frilled lizards
  7 kobolds
  An orc zombie (D:7)
  5 rats
212 creatures vanquished.

Vanquished Creatures (collateral kills)
  An ice beast (D:6)
  A sky beast (D:8)
  A howler monkey (D:8)
  An orc priest (D:8)
  A sleepcap (D:5)
  An adder (D:5)
  A shadow imp (D:8)
  2 orcs
9 creatures vanquished.

Vanquished Creatures (others)
  A water moccasin zombie (D:6)
  A troll zombie (D:8)
  A yak zombie (D:8)
  A centaur zombie (D:8)
  A bullfrog zombie (D:8)
  A kobold zombie (D:8)
  A sky beast zombie (D:8)
  A jelly zombie (D:6)
  A spectral white imp (D:8)
  A jackal zombie (D:4)
  8 orc zombies
  668 foxfires
686 creatures vanquished.

Grand Total: 907 creatures vanquished

Notes
Turn   | Place    | Note
-------+----------+-------------------------------------------
     0 | D:1      | unlimited1921 the Gnoll Fire Elementalist began the quest
                  | for the Orb.
     0 | D:1      | Reached XP level 1. HP: 13/13 MP: 6/6
    97 | D:1      | Reached XP level 2. HP: 5/19 MP: 1/7
  1183 | D:1      | Learned a level 2 spell: Scorch
  1859 | D:2      | Found Kigura Polu's Assorted Antiques.
  1866 | D:2      | Bought a purple potion for 17 gold pieces
  1866 | D:2      | Bought a fuming amethyst potion for 17 gold pieces
  1866 | D:2      | Bought a golden potion for 17 gold pieces
  2295 | D:2      | Reached skill level 5 in Spellcasting
  2295 | D:2      | Reached XP level 3. HP: 25/25 MP: 4/9
  3102 | D:2      | Reached skill level 1 in Invocations
  3601 | D:2      | Reached skill level 1 in Fighting
  3601 | D:2      | Reached skill level 1 in Short Blades
  3601 | D:2      | Reached skill level 1 in Long Blades
  3601 | D:2      | Reached skill level 1 in Axes
  3601 | D:2      | Reached skill level 1 in Maces & Flails
  3601 | D:2      | Reached skill level 1 in Polearms
  3601 | D:2      | Reached skill level 1 in Staves
  3601 | D:2      | Reached skill level 1 in Ranged Weapons
  3601 | D:2      | Reached skill level 1 in Throwing
  3601 | D:2      | Reached skill level 1 in Armour
  3601 | D:2      | Reached skill level 1 in Shields
  3601 | D:2      | Reached skill level 1 in Unarmed Combat
  3601 | D:2      | Reached skill level 1 in Evocations
  3860 | D:2      | Reached skill level 1 in Shapeshifting
  3860 | D:2      | Reached XP level 4. HP: 32/32 MP: 3/11
  4153 | D:2      | Found a faded altar of an unknown god.
  4172 | D:2      | Reached skill level 1 in Hexes
  4172 | D:2      | Reached skill level 1 in Summonings
  4172 | D:2      | Reached skill level 1 in Necromancy
  4172 | D:2      | Reached skill level 1 in Translocations
  4172 | D:2      | Reached skill level 1 in Ice Magic
  4172 | D:2      | Reached skill level 1 in Air Magic
  4172 | D:2      | Reached skill level 1 in Earth Magic
  4172 | D:2      | Reached skill level 1 in Alchemy
  5130 | D:2      | Reached XP level 5. HP: 37/37 MP: 8/12
  5610 | D:2      | Learned a level 3 spell: Call Canine Familiar
  5614 | D:2      | Learned a level 3 spell: Inner Flame
  6375 | D:3      | Noticed Robin
  6404 | D:3      | Killed Robin
  6839 | D:3      | Found a sacrificial altar of Ru.
  9591 | D:2      | Bought a scroll labelled PEV XIOWKAWO for 19 gold pieces
  9591 | D:2      | Bought a smoky coppery potion for 17 gold pieces
  9591 | D:2      | Bought a scroll labelled QAPOXOUTET for 19 gold pieces
  9662 | D:4      | Noticed a black bear
  9669 | D:4      | Killed a black bear
  9670 | D:4      | Reached skill level 5 in Dodging
  9670 | D:4      | Reached XP level 6. HP: 44/44 MP: 2/14
 10813 | D:4      | Found a sparkling altar of Nemelex Xobeh.
 10822 | D:4      | Found a runed translucent gate.
 10822 | D:4      | Found a runed translucent gate.
 10822 | D:4      | Found a runed translucent gate.
 10822 | D:4      | Noticed tdog's ghost (amateur SpBr)
 10825 | D:4      | Found a basalt altar of Yredelemnul.
 10902 | D:4      | Became a worshipper of Yredelemnul the Dark
 10912 | D:4      | Killed tdog's ghost
 10913 | D:4      | Reached XP level 7. HP: 51/51 MP: 8/15
 11896 | D:4      | Reached * piety under Yredelemnul
 12046 | D:5      | Entered Level 5 of the Dungeon
 12085 | D:5      | Reached skill level 5 in Stealth
 12600 | D:5      | Found a burning altar of Makhleb.
 12607 | D:5      | Found a glowing silver altar of Zin.
 12607 | D:5      | Noticed an angel
 12643 | D:5      | Noticed a blizzard demon
 12704 | D:5      | Reached XP level 8. HP: 42/58 MP: 7/16
 14951 | D:6      | Reached ** piety under Yredelemnul
 15793 | D:7      | Found a stormy altar of Qazlal.
 15816 | D:7      | Reached XP level 9. HP: 65/65 MP: 8/18
 15984 | D:7      | Noticed Maggie
 16004 | D:7      | Killed Maggie
 16382 | D:7      | Found a shimmering blue altar of Sif Muna.
 16616 | D:7      | Found a staircase to the Ecumenical Temple.
 17439 | D:7      | Identified the +2 hand axe of Hoas {antimagic, Int+3}
 18532 | D:7      | Found an ancient bone altar of Kikubaaqudgha.
 18713 | D:8      | Reached skill level 5 in Invocations
 19346 | D:8      | Reached skill level 5 in Fighting
 19346 | D:8      | Reached skill level 5 in Short Blades
 19346 | D:8      | Reached skill level 5 in Long Blades
 19346 | D:8      | Reached skill level 5 in Axes
 19346 | D:8      | Reached skill level 5 in Maces & Flails
 19346 | D:8      | Reached skill level 5 in Polearms
 19346 | D:8      | Reached skill level 5 in Staves
 19346 | D:8      | Reached skill level 5 in Ranged Weapons
 19346 | D:8      | Reached skill level 5 in Throwing
 19346 | D:8      | Reached skill level 5 in Armour
 19346 | D:8      | Reached skill level 5 in Shields
 19346 | D:8      | Reached skill level 5 in Unarmed Combat
 19346 | D:8      | Reached skill level 5 in Evocations
 19346 | D:8      | Reached XP level 10. HP: 22/74 MP: 4/20
 20326 | D:8      | Noticed a two-headed ogre
 20331 | D:8      | Killed a two-headed ogre
 20332 | D:8      | Reached skill level 5 in Conjurations
 20608 | D:8      | Reached skill level 5 in Shapeshifting
 20647 | D:8      | Noticed Pikel
 20678 | D:8      | Noticed Psyche
 20691 | D:8      | Killed Pikel
 20697 | D:8      | Killed Psyche
 21076 | D:8      | Noticed a skeletal warrior
 21261 | D:7      | Learned a level 4 spell: Summon Blazeheart Golem
 21266 | D:7      | Learned a level 4 spell: Anguish
 21387 | D:8      | Learned a level 3 spell: Swiftness
 21554 | D:8      | Reached skill level 5 in Hexes
 21554 | D:8      | Reached skill level 5 in Summonings
 21554 | D:8      | Reached skill level 5 in Necromancy
 21554 | D:8      | Reached skill level 5 in Translocations
 21554 | D:8      | Reached skill level 5 in Ice Magic
 21554 | D:8      | Reached skill level 5 in Air Magic
 21554 | D:8      | Reached skill level 5 in Earth Magic
 21554 | D:8      | Reached skill level 5 in Alchemy
 21569 | D:8      | Reached XP level 11. HP: 81/81 MP: 1/22
 22073 | D:8      | Noticed a cyclops
 22083 | D:8      | Killed a cyclops
 22394 | D:8      | Noticed a cyclops
 22404 | D:8      | Killed a cyclops
 22539 | D:8      | Got The Intricacies of Wizardry
 22589 | D:8      | Noticed a two-headed ogre
 22596 | D:8      | Killed a two-headed ogre
 22914 | D:8      | Demolished by a skeletal warrior

Illustrated notes

Levels and vault maps discovered:
D:1:      lightli_arrival_chessboard, layout_basic, minivault_14,
          hangedman_decor_lopped
D:2:      layout_loops_corners, shapermc_ecumenical_altar_venn, serial_shops,
          shop, hangedman_feature_mirror, minmay_quadrilaterals
D:3:      layout_loops_corners, mainiacjoe_overflow_small_starburst, uniq_robin
D:4:      layout_cave_pools, nemelex_xobeh_ov_fountains_minmay,
          nicolae_yredelemnul_ghost_church, kennysheep_flooded_box,
          kennysheep_path_1, minmay_pentomino_pile
D:5:      layout_loops_ring, grunt_temple_overflow_order_and_chaos_2
D:6:      layout_loops_cross
D:7:      layout_gridville, nicolae_qazlal_beasts_of_the_sky, led_sif_book,
          lemuel_coloured_pillars_altar, minmay_temple_entry_fiery,
          patterned_corridor, uniq_maggie
D:8:      minmay_the_grid_octo_tiled_octocenter
          [minmay_the_grid_octo_thin_diamonds, minmay_the_grid_octo_horde,
          minmay_the_grid_octo_empty, minmay_the_grid_octo_toaster,
          minmay_the_grid_octo_prize_star, minmay_the_grid_square_5x5_moneybag,
          minmay_the_grid_square_5x5_spiral, minmay_the_grid_square_5x5_inner_v,
          minmay_the_grid_square_5x5_minivault], layout_loops_cross, uniq_pikel,
          uniq_psyche

Skill      XL: |  1  2  3  4  5  6  7  8  9 10 11 |
---------------+----------------------------------+-----
Conjurations   | 2 3 4 5 |  5.8
Spellcasting   | 5 6 7 8 |  8.2
Invocations    | 1 2 3 4 5 6 7 |  7.1
Fighting       | 1 2 3 5 6 |  6.4
Short Blades   | 1 2 3 5 6 |  6.4
Long Blades    | 1 2 3 5 6 |  6.4
Axes           | 1 2 3 5 6 |  6.4
Maces & Flails | 1 2 3 5 6 |  6.4
Polearms       | 1 2 3 5 6 |  6.4
Staves         | 1 2 3 5 6 |  6.4
Ranged Weapons | 1 2 3 5 6 |  6.4
Throwing       | 1 2 3 5 6 |  6.4
Armour         | 1 2 3 5 6 |  6.4
Shields        | 1 2 3 5 6 |  6.4
Unarmed Combat | 1 2 3 5 6 |  6.4
Evocations     | 1 2 3 5 6 |  6.4
Shapeshifting  | 1 2 3 4 5 |  5.9
Hexes          | 1 2 3 4 5 |  5.3
Summonings     | 1 2 3 4 5 |  5.3
Necromancy     | 1 2 3 4 5 |  5.3
Translocations | 1 2 3 4 5 |  5.3
Ice Magic      | 1 2 3 4 5 |  5.3
Air Magic      | 1 2 3 4 5 |  5.3
Earth Magic    | 1 2 3 4 5 |  5.3
Alchemy        | 1 2 3 4 5 |  5.3
Dodging        | 5 6 7 8 |  8.0
Stealth        | 5 6 7 |  7.8
Fire Magic     | 6 7 |  7.7

Action                     |  1- 3 |  4- 6 |  7- 9 | 10-12 || total
---------------------------+-------+-------+-------+-------++-------
  Melee: Spear             |    19 |    32 |    77 |       ||   128
         Bite              |     2 |     3 |    11 |    10 ||    26
         Punch             |       |       |     2 |     1 ||     3
         Flail             |       |       |       |    59 ||    59
         Hand axe          |       |       |       |    11 ||    11
   Cast: Foxfire           |    67 |   162 |   152 |    34 ||   415
         Scorch            |       |    18 |    81 |    84 ||   183
         Inner Flame       |       |     2 |     7 |    14 ||    23
         Call Canine Famil |       |       |       |     5 ||     5
         Summon Blazeheart |       |       |       |     3 ||     3
         Swiftness         |       |       |       |     2 ||     2
         Anguish           |       |       |       |     1 ||     1
    Use: Scroll            |       |       |     8 |       ||     8
         Potion            |       |       |       |     1 ||     1
   Stab: Sleeping          |     1 |       |     1 |       ||     2
         Distracted        |       |       |     1 |       ||     1
 Armour: Robe              |    14 |       |       |       ||    14
         Leather armour    |     4 |    21 |       |       ||    25
         Ring mail         |       |     5 |    57 |       ||    62
         Acid dragon scale |       |       |    16 |    76 ||    92
  Dodge: Dodged            |    32 |    35 |    50 |    74 ||   191
  Block: Other             |       |     2 |    17 |    23 ||    42
         Reflection        |       |       |       |     1 ||     1
